Map: Site Delta LE

Players

Jaek - Winner!

  • Race: Terran Terran
  • League: Platinum
  • Spawn Location: 11:00

Subwayeatn

  • Race: Zerg Zerg
  • League: Platinum
  • Spawn Location: 5:00

VOD

Have the link to the VOD?

Description

Time

  • Played on: Nov. 9, 2023, 2:41 p.m.
  • Length: 5:48
Show
View Real Time Build Order
Export as new Build Order

Jaek Terran - Winner!

Build Orders: 1/1/1 

Get SALT Encoding   

  12  0:08  Refinery  
  12  0:17  Supply Depot  
  12  0:21  SCV  
  13  0:33  SCV  
  14  0:43  Barracks  
  14  0:52  Refinery  
  14  0:57  SCV  
  15  1:09  SCV  
  17  1:30  Reaper  
  17  1:32  Factory, SCV  
  18  1:44  SCV  
  19  1:56  SCV  
  19  1:57  Supply Depot  
  20  2:02  Marine  
  21  2:08  Orbital Command  
  21  2:20  Starport  
  21  2:25  Factory Tech Lab  
  21  2:29  Marine  
  22  2:43  Hellion  
  24  2:56  Marine  
  25  3:03  Medivac  
  25  3:04  Siege Tank  
  30  3:07  SCV  
  31  3:13  Supply Depot  
  31  3:18  Infernal Pre-Igniter  
  31  3:34  Marine  
  31  3:35  SCV  
  31  3:36  Medivac  
  31  3:37  Hellion  
  37  3:47  SCV  
  37  3:52  Marine  
  38  3:58  Hellion  
  40  4:06  Medivac  
  42  4:10  Marine  
  43  4:17  Supply Depot  
  43  4:19  Cyclone  
  45  4:28  Marine  
  46  4:42  Engineering Bay  
  46  4:46  Marine  
  46  4:51  Siege Tank  
  50  5:03  Marine  
  50  5:04  Medivac  
  53  5:07  Supply Depot  
  53  5:14  Missile Turret  
  53  5:15  Missile Turret  
  53  5:21  Marine  
Show
View Real Time Build Order
Export as new Build Order

Subwayeatn Zerg 

Build Orders: Pool First 

Get SALT Encoding   

  12  0:00  Drone  
  13  0:13  Overlord  
  13  0:18  Drone  
  14  0:31  Drone x2  
  14  0:35  Drone  
  17  0:45  Drone  
  17  0:48  Extractor  
  17  0:51  Spawning Pool  
  16  1:12  Hatchery  
  15  1:20  Drone  
  15  1:21  Drone  
  15  1:24  Overlord  
  17  1:39  Queen  
  19  1:40  Zergling x2  
  19  1:43  Zergling x2  
  21  1:53  Drone  
  22  2:03  Drone  
  22  2:07  Metabolic Boost  
  23  2:16  Queen  
  23  2:21  Drone  
  26  2:26  Drone x2  
  28  2:39  Queen  
  30  2:50  Drone x6  
  36  3:04  Hatchery  
  35  3:10  Drone  
  35  3:12  Overlord  
  36  3:14  Overlord  
  36  3:16  Overlord  
  36  3:39  Drone x3  
  36  3:40  Drone x3  
  42  3:47  Queen  
  42  3:48  Queen  
  46  3:53  Drone x4  
  50  3:57  Overlord  
  50  4:00  Overlord  
  50  4:19  Extractor  
  50  4:20  Extractor  
  50  4:21  Drone x6  
  50  4:22  Queen  
  56  4:24  Queen  
  56  4:29  Queen  
  60  4:36  Drone x8  
  68  4:42  Extractor  
  68  4:45  Drone x3  
  70  4:59  Drone  
  73  5:00  Drone x2  
  73  5:02  Drone x3  
  73  5:03  Drone x3  
  79  5:12  Zergling x4  
  81  5:17  Zergling x2  
  81  5:19  Overlord  
Tags
 
Add a new tag
Caveats
  • Supply blocks, unpowered buildings, or Contaminate may cause inaccurate times.
  • Supply counts are checked every 10 seconds.